[Event "Goteborg Open 2024"]
[Site "Goteborgs Schackcentrum, Vegatan 20, Gothenburg, Sweden"]
[Date "2024.08.03"]
[Round "6.2"]
[White "Eriksson, Kristian"]
[Black "Wesslen, Ulf"]
[Result "1/2-1/2"]
[TimeControl "15 minutes + 5 seconds per move from move one (Round 1 - 4) / 90 minutes + 30 seconds per move from move one (Round 5 - 8)"]
[WhiteFideId "1705172"]
[BlackFideId "1705199"]
[WhiteElo "2064"]
[BlackElo "1953"]

1. e4 e6 2. d4 d5 3. Nc3 Bb4 4. e5 c5 5. Bd2 cxd4 6. Nb5 Be7 7. Qg4 Kf8 8. Nf3 Nc6 9. Bd3 Nb4 10.
O-O Nxd3 11. cxd3 Bd7 12. Nbxd4 h5 13. Qf4 Nh6 14. h4 Nf5 15. Nxf5 exf5 16. Bb4 Rh6 17. Bxe7+ Qxe7 18. Nd4 Rg6 19.
Nxf5 Bxf5 20. Qxf5 Qxh4 21. Rac1 Qd8 22. Qxh5 Kg8 23. g3 Qd7 24. Rc5 b6 25. Rc2 Rc8 26. Rfc1 Rxc2 27. Rxc2 Rh6 28.
Qf3 Rc6 29. Rxc6 Qxc6 30. Kg2 Kf8 31. g4 Ke8 32. Kg3 Qb5 33. b3 a5 34. g5 Qc5 35. Qf5 1/2-1/2

[Event "Goteborg Open 2024"]
[Site "Goteborgs Schackcentrum, Vegatan 20, Gothenburg, Sweden"]
[Date "2024.08.03"]
[Round "6.3"]
[White "Wickstrom, Carina"]
[Black "Degerfeldt, Sven"]
[Result "1-0"]
[TimeControl "15 minutes + 5 seconds per move from move one (Round 1 - 4) / 90 minutes + 30 seconds per move from move one (Round 5 - 8)"]
[WhiteFideId "1743201"]
[BlackFideId "1717430"]
[WhiteElo "2013"]
[BlackElo "1902"]

1. Nf3 Nf6 2. g3 c5 3. Bg2 Nc6 4. O-O d5 5. d4 cxd4 6. Nxd4 e5 7. Nxc6 bxc6 8. c4 Be6 9. Nc3 Qd7 10.
cxd5 cxd5 11. Bg5 Rd8 12. Bxf6 gxf6 13. Qd3 Be7 14. Rfd1 O-O 15. Nxd5 Bxd5 16. Bxd5 Qg4 17. Qe3 Rd7 18.
Bf3 Qe6 19. Rxd7 Qxd7 20. Rc1 Rb8 21. b3 Bf8 22. Rc4 Bg7 23. Ra4 Rc8 24. Rxa7 Qd1+ 25. Kg2 Rc1 26. Kh3 Rc8 27. Ra8 Rxa8 28.
Bxa8 f5 29. Kg2 Qd6 30. a4 Bh6 31. Qc3 Qe6 32. a5 e4 33. Bb7 Bf8 34. a6 Qb6 35. Qc8 Qc5 36. Qb8 e3 37. a7 exf2 38.
a8=Q 1-0

[Event "Goteborg Open 2024"]
[Site "Goteborgs Schackcentrum, Vegatan 20, Gothenburg, Sweden"]
[Date "2024.08.03"]
[Round "6.4"]
[White "Mohammed, Safian Haj"]
[Black "Ask, Josef"]
[Result "1-0"]
[TimeControl "15 minutes + 5 seconds per move from move one (Round 1 - 4) / 90 minutes + 30 seconds per move from move one (Round 5 - 8)"]
[BlackTitle "FM"]
[WhiteFideId "1729276"]
[BlackFideId "1704583"]
[WhiteElo "1890"]
[BlackElo "2129"]

1. e4 c5 2. Nf3 Nc6 3. d4 cxd4 4. Nxd4 Nf6 5. Nc3 e5 6. Ndb5 d6 7. Bg5 a6 8. Na3 b5 9. Nd5 Be7 10.
Bxf6 Bxf6 11. c3 Rb8 12. Nc2 a5 13. a3 Bg5 14. Bd3 g6 15. Qe2 Na7 16. O-O O-O 17. Nce3 Bh6 18. Rad1 Qg5 19.
f4 exf4 20. Rxf4 Be6 21. Rdf1 Bg7 22. Qf2 Nc6 23. h4 Qd8 24. h5 Ne5 25. Be2 Qg5 26. Nf6+ Kh8 27. Ned5 Rb7 28. hxg6 hxg6 29.
Rh4+ Bh6 30. Qg3 Bg4 31. Bxg4 Kg7 32. Qh3 Nc4 33. Be2 Rh8 34. Rg4 Qe5 35. Bxc4 bxc4 36. Rf5 Qe6 37. Rf2 Rbb8 38.
Qf3 Bc1 39. Rg3 Bxb2 40. Nh5+ Kf8 41. Nhf4 1-0

[Event "Goteborg Open 2024"]
[Site "Goteborgs Schackcentrum, Vegatan 20, Gothenburg, Sweden"]
[Date "2024.08.03"]
[Round "6.5"]
[White "Al Waeli, Laith"]
[Black "Ottgard, Andreas"]
[Result "0-1"]
[TimeControl "15 minutes + 5 seconds per move from move one (Round 1 - 4) / 90 minutes + 30 seconds per move from move one (Round 5 - 8)"]
[WhiteTitle "FM"]
[WhiteFideId "4801059"]
[BlackFideId "1730592"]
[WhiteElo "2077"]
[BlackElo "1900"]

1. e4 d6 2. d4 Nf6 3. Bd3 e5 4. c3 g6 5. Nf3 Nbd7 6. O-O Bg7 7. Re1 O-O 8. Nbd2 c6 9. Bc2 a5 10.
Nc4 exd4 11. cxd4 d5 12. exd5 Nxd5 13. Bg5 N7f6 14. h3 Be6 15. Nfe5 Qc7 16. Rc1 Nd7 17. Bb1 Nxe5 18. dxe5 h6 19.
Bh4 Rab8 20. Qd2 b6 21. f4 c5 22. Be4 Nb4 23. a3 Bxc4 24. Rxc4 Nc6 25. Qd5 Rbc8 26. Bxg6 Rfd8 27. Bxd8 Rxd8 28.
Bxf7+ Qxf7 29. Qxc6 Qxc4 30. e6 Bf6 31. Qc7 Rf8 32. f5 Qd5 33. Qg3+ Bg7 34. Qg6 Qd4+ 35. Kh1 Qf2 36. Re4 Qf1+ 37.
Kh2 Qxf5 38. Qxf5 Rxf5 39. e7 Be5+ 40. Kg1 Kf7 41. g4 Bd4+ 42. Rxd4 cxd4 43. e8=Q+ Kxe8 44. gxf5 Kf7 0-1

[Event "Goteborg Open 2024"]
[Site "Goteborgs Schackcentrum, Vegatan 20, Gothenburg, Sweden"]
[Date "2024.08.03"]
[Round "6.6"]
[White "Lennerstad, Allan"]
[Black "Eldh, Hjalmar"]
[Result "1-0"]
[TimeControl "15 minutes + 5 seconds per move from move one (Round 1 - 4) / 90 minutes + 30 seconds per move from move one (Round 5 - 8)"]
[WhiteFideId "1723774"]
[BlackFideId "1767968"]
[WhiteElo "1950"]
[BlackElo "1897"]

1. d4 Nf6 2. Nf3 g6 3. c4 Bg7 4. Nc3 d5 5. e3 O-O 6. Be2 c5 7. O-O cxd4 8. exd4 Nc6 9. c5 Bf5 10.
a3 Ne4 11. Bb5 Nxc3 12. bxc3 Qa5 13. Qb3 Rab8 14. Bd2 Rfd8 15. Bf4 Rbc8 16. Rfe1 Be4 17. Be2 e5 18. Nxe5 Nxe5 19. dxe5 Qxc5 20. Rac1 b6 21. Ba6 Rc6 22.
Be3 Qe7 23. f3 Bf5 24. Bd4 Bc8 25. Bd3 Re6 26. f4 Bf8 27. a4 Qc7 28. Qd1 Bd7 29. f5 Ree8 30. e6 fxe6 31. fxg6 e5 32.
Qh5 h6 33. Bxe5 Qc5+ 34. Bd4 Qd6 35. Rf1 Bxa4 36. g7 Be7 37. Qf5 Bf6 38. Qh7+ Kf7 39. g8=Q# 1-0

[Event "Goteborg Open 2024"]
[Site "Goteborgs Schackcentrum, Vegatan 20, Gothenburg, Sweden"]
[Date "2024.08.03"]
[Round "6.7"]
[White "Andersson, Stig"]
[Black "Harila, Per"]
[Result "1/2-1/2"]
[TimeControl "15 minutes + 5 seconds per move from move one (Round 1 - 4) / 90 minutes + 30 seconds per move from move one (Round 5 - 8)"]
[WhiteFideId "1731971"]
[BlackFideId "1707248"]
[WhiteElo "1889"]
[BlackElo "1947"]

1. e4 d5 2. d4 dxe4 3. Bc4 Nf6 4. c3 c6 5. Ne2 Qb6 6. O-O Bf5 7. Ng3 Bg6 8. Bb3 e6 9. Nd2 Be7 10.
Bc2 Nbd7 11. Ndxe4 Nxe4 12. Nxe4 Nf6 13. Qe2 Nxe4 14. Bxe4 Bxe4 15. Qxe4 O-O 16. Rb1 Rad8 17. Bf4 Bf6 18.
Be5 Bxe5 19. Qxe5 Rd5 20. Qe2 Rfd8 21. Rfd1 h6 22. g3 R8d7 23. Kf1 Qd8 24. Ke1 Kh8 25. f4 Qa5 26. b4 Qd8 27.
a4 f6 28. a5 Qc7 29. Qg4 e5 30. fxe5 fxe5 31. Rb2 exd4 32. Re2 Re7 33. Rxd4 Rxe2+ 34. Kxe2 Qe7+ 35. Kd2 Qf7 36. Ke3 Re5+ 37.
Re4 Rxe4+ 38. Qxe4 Qh5 39. Qg2 Qe5+ 40. Kd2 Qe6 41. Kc1 Qc4 42. Kb2 b6 43. axb6 axb6 44. Qf2 c5 45. Qf8+ Kh7 46.
Qf5+ Kh8 47. Qf8+ Kh7 48. Qf5+ 1/2-1/2

[Event "Goteborg Open 2024"]
[Site "Goteborgs Schackcentrum, Vegatan 20, Gothenburg, Sweden"]
[Date "2024.08.03"]
[Round "6.8"]
[White "Green, David"]
[Black "Westlund, Tim"]
[Result "0-1"]
[TimeControl "15 minutes + 5 seconds per move from move one (Round 1 - 4) / 90 minutes + 30 seconds per move from move one (Round 5 - 8)"]
[WhiteFideId "1769332"]
[BlackFideId "1754718"]
[WhiteElo "1946"]
[BlackElo "1886"]

1. e4 e5 2. Nc3 Nf6 3. f4 d5 4. fxe5 Nxe4 5. d3 Qh4+ 6. g3 Nxg3 7. Nf3 Qh5 8. Nxd5 Bg4 9. Bg2 Bxf3 10.
Qxf3 Qxe5+ 11. Qe3 Qxe3+ 12. Bxe3 Nxh1 13. Nxc7+ Kd7 14. Nxa8 Nc6 15. Bh3+ Kd8 16. Bf4 Bc5 17. Bg2 Nf2 18.
h3 Re8+ 19. Kf1 Ne5 20. Re1 f6 21. Bg3 Kc8 22. Bxf2 Bxf2 23. Kxf2 Re7 24. Re4 Kb8 25. Rd4 Rd7 26. Re4 Kxa8 27.
d4 Nc6 28. Re8+ Nd8 29. Ke3 Kb8 30. Bf3 Kc7 31. d5 Kb6 32. c4 Nf7 33. Bg4 Rc7 34. b3 Kc5 35. Be6 a5 36. Kd3 Ne5+ 37.
Ke4 Nf7 38. Ra8 b6 39. Rc8 Nd6+ 40. Kd3 Nxc8 41. Kc3 0-1

[Event "Goteborg Open 2024"]
[Site "Goteborgs Schackcentrum, Vegatan 20, Gothenburg, Sweden"]
[Date "2024.08.03"]
[Round "6.9"]
[White "Evertsson, David"]
[Black "Utriainen, Tapani"]
[Result "0-1"]
[TimeControl "15 minutes + 5 seconds per move from move one (Round 1 - 4) / 90 minutes + 30 seconds per move from move one (Round 5 - 8)"]
[WhiteFideId "1777424"]
[BlackFideId "16300696"]
[WhiteElo "1642"]
[BlackElo "1914"]

1. e4 c6 2. d4 d5 3. exd5 cxd5 4. c4 Nf6 5. Nc3 e6 6. Nf3 Bb4 7. Bd3 dxc4 8. Bxc4 Nd5 9. Qc2 O-O 10.
O-O Nxc3 11. bxc3 Be7 12. Bb3 b6 13. Qd3 Ba6 14. c4 Nd7 15. Bc2 Nf6 16. Bg5 g6 17. Bh6 Re8 18. Bb3 Qc7 19.
h3 Red8 20. Rfe1 Bb4 21. Bg5 Kg7 22. Re3 Be7 23. Qd2 Bxc4 24. Rc1 b5 25. Ne5 Nd5 26. Bxe7 Qxe7 27. Nc6 Qe8 28. Nxd8 Nxe3 29. Nxe6+ Bxe6 30. fxe3 a5 31. d5 Bf5 32.
Bc2 Bd7 33. e4 Qe5 34. a3 Qb2 35. Rb1 Qxa3 36. Qd4+ Kg8 37. e5 Rc8 38. Bd3 Qc5 39. Qxc5 Rxc5 40. e6 fxe6 41. dxe6 Be8 42.
Rb2 Kf8 43. Bb1 Ke7 44. Ba2 b4 45. Re2 a4 46. Re4 b3 47. Bxb3 axb3 48. Rb4 Rb5 49. Ra4 b2 50. Ra7+ Kxe6 51.
Rxh7 b1=Q+ 52. Kh2 Rb2 53. Rc7 Qe4 0-1

[Event "Goteborg Open 2024"]
[Site "Goteborgs Schackcentrum, Vegatan 20, Gothenburg, Sweden"]
[Date "2024.08.03"]
[Round "6.10"]
[White "Johansson, Eva"]
[Black "Borin, Jesper"]
[Result "0-1"]
[TimeControl "15 minutes + 5 seconds per move from move one (Round 1 - 4) / 90 minutes + 30 seconds per move from move one (Round 5 - 8)"]
[WhiteFideId "1724584"]
[BlackFideId "1771337"]
[WhiteElo "1878"]
[BlackElo "1905"]

1. d4 Nf6 2. c4 e6 3. Nf3 b6 4. g3 Ba6 5. b3 Bb4+ 6. Bd2 Be7 7. Bg2 O-O 8. O-O d5 9. Qc2 Nbd7 10.
Bf4 Rc8 11. Nbd2 c5 12. Qb2 dxc4 13. Nxc4 cxd4 14. Qxd4 Nd5 15. Rfd1 Bf6 16. Nfe5 Bxc4 17. bxc4 Nxf4 18. gxf4 Nxe5 19.
fxe5 Qxd4 0-1

[Event "Goteborg Open 2024"]
[Site "Goteborgs Schackcentrum, Vegatan 20, Gothenburg, Sweden"]
[Date "2024.08.03"]
[Round "6.11"]
[White "Madevan Vaishnavi, Yaashvan"]
[Black "Bergdahl, Martin"]
[Result "1/2-1/2"]
[TimeControl "15 minutes + 5 seconds per move from move one (Round 1 - 4) / 90 minutes + 30 seconds per move from move one (Round 5 - 8)"]
[WhiteFideId "1772180"]
[BlackFideId "1782231"]
[WhiteElo "1684"]
[BlackElo "1711"]

1. e4 e5 2. Nf3 Nc6 3. d4 exd4 4. Bc4 Bb4+ 5. c3 dxc3 6. bxc3 Bd6 7. O-O Nge7 8. Be3 O-O 9. Nd4 Be5 10.
Nd2 Bxd4 11. cxd4 d5 12. exd5 Nxd5 13. Nb3 Be6 14. Rc1 Re8 15. Qf3 Nf6 16. Bxe6 Rxe6 17. Nc5 Re8 18. Nxb7 Nxd4 19.
Nxd8 Nxf3+ 20. gxf3 Raxd8 21. Rxc7 Nd5 22. Rxa7 Nxe3 23. fxe3 Rxe3 24. a4 Ree8 25. Kg2 Ra8 26. Rxa8 Rxa8 27. Ra1 Kf8 28. Kf2 Ra5 29. Ke3 Ke7 30.
Kd4 Kd6 31. Kc4 Kc6 32. Kb4 Kb6 33. Re1 Rf5 34. Re3 Rh5 35. Re7 Rf5 36. Re3 h5 37. Rd3 Rf6 38. Re3 g5 39. h3 Rf4+ 40.
Kc3 Rxa4 41. Re5 Ra3+ 42. Kd2 Rxf3 43. Rxg5 Rxh3 44. Rf5 Rh1 45. Rxf7 h4 46. Rh7 h3 47. Ke2 h2 48. Kf2 Ra1 49.
Rxh2 Ra2+ 50. Kg3 Rxh2 51. Kxh2 1/2-1/2

[Event "Goteborg Open 2024"]
[Site "Goteborgs Schackcentrum, Vegatan 20, Gothenburg, Sweden"]
[Date "2024.08.03"]
[Round "6.12"]
[White "Karlsson, Stefan"]
[Black "Fransson, Lennart"]
[Result "0-1"]
[TimeControl "15 minutes + 5 seconds per move from move one (Round 1 - 4) / 90 minutes + 30 seconds per move from move one (Round 5 - 8)"]
[WhiteFideId "1771183"]
[BlackFideId "1706756"]
[WhiteElo "2042"]
[BlackElo "1926"]

1. e4 c6 2. d4 d5 3. e5 Bf5 4.
h4 Qb6 5. g4 Bd7 6. Bg2 Nh6 7. f3 Na6 8. Ne2 f6 9. exf6 exf6 10. O-O Bd6 11. Re1 O-O-O 12. c3 Nf7 13. Qc2 Rde8 14.
Na3 Re7 15. Bd2 Rhe8 16. Kf1 h5 17. gxh5 Qc7 18. Ng1 Bg3 19. Rxe7 Rxe7 20. Be1 Bxe1 21. Rxe1 Rxe1+ 22. Kxe1 Qf4 23.
Kf1 Nd6 24. Ne2 Qxh4 25. Qg6 Nf5 26. Nc2 Nc7 27. Kg1 Kd8 28. Qg4 Qxg4 29. fxg4 Nh6 30. g5 fxg5 31. Ne3 Ke7 32. Nc1 Ng4 33.
Nf1 Nf6 34. Ng3 Bg4 35. Nd3 Nxh5 36. Nxh5 Bxh5 37. Nc5 b6 38. Nd3 Kd6 39. Kf2 a5 40. Bh3 Ne8 41. Bf5 Nf6 42. b4 g6 43.
bxa5 bxa5 44. Bh3 Ne4+ 45. Ke3 c5 46. Bg2 cxd4+ 47. Kxd4 Be2 48. Bxe4 dxe4 49. Nc5 Bd3 50. Nb7+ Kc7 51.
Nxa5 g4 52. Nb3 g3 53. Ke3 Kd6 54. Nd4 Kd5 55. a4 Kc4 56. a5 Kxc3 57. Ne6 Kc2 58. Nf4 g5 59. Nh3 Kd1 60. a6 Bxa6 61.
Nxg5 Ke1 62. Kxe4 g2 63. Kf4 Bb7 64. Nh3 Kf1 65. Kg3 Bc8 66. Nf4 g1=Q+ 67. Kf3 Bb7+ 68. Nd5 Bxd5+ 0-1

[Event "Goteborg Open 2024"]
[Site "Goteborgs Schackcentrum, Vegatan 20, Gothenburg, Sweden"]
[Date "2024.08.03"]
[Round "6.13"]
[White "Thern, Alfred"]
[Black "Johansson, Stefan"]
[Result "1/2-1/2"]
[TimeControl "15 minutes + 5 seconds per move from move one (Round 1 - 4) / 90 minutes + 30 seconds per move from move one (Round 5 - 8)"]
[WhiteFideId "1775227"]
[BlackFideId "1732242"]
[WhiteElo "1729"]
[BlackElo "1933"]

1. e4 c5 2. Nf3 Nc6 3. Bb5 g6 4. Bxc6 dxc6 5. d3 Bg7 6. Nc3 Nf6 7. Be3 b6 8. h3 O-O 9. Qd2 Ne8 10.
O-O-O Nd6 11. Bh6 b5 12. Bxg7 Kxg7 13. e5 Nf5 14. Ne4 Qd5 15. Kb1 b4 16. g4 Nd4 17. Nxd4 cxd4 18. Qxb4 Qxe5 19.
f4 Rb8 20. Qa3 Qb5 21. b3 Rb7 22. Rde1 Qb4 23. Qb2 Be6 24. a3 Qb6 25. Rhf1 Bd5 26. f5 Bxe4 27. Rxe4 c5 28. Qc1 a5 29.
a4 c4 30. dxc4 d3 31. Rf3 dxc2+ 32. Qxc2 Rd8 33. fxg6 hxg6 34. Qf2 Qxf2 35. Rxf2 Rxb3+ 1/2-1/2

[Event "Goteborg Open 2024"]
[Site "Goteborgs Schackcentrum, Vegatan 20, Gothenburg, Sweden"]
[Date "2024.08.03"]
[Round "6.14"]
[White "Torres, Lucas"]
[Black "Bergdahl, Daniel"]
[Result "1-0"]
[TimeControl "15 minutes + 5 seconds per move from move one (Round 1 - 4) / 90 minutes + 30 seconds per move from move one (Round 5 - 8)"]
[WhiteFideId "1769464"]
[BlackFideId "1780921"]
[WhiteElo "1861"]
[BlackElo "1689"]

1. e4 c6 2. Nc3 d5 3. Nf3 dxe4 4. Nxe4 Nf6 5. Qe2 Nxe4 6. Qxe4 Be6 7. d3 Nd7 8. Ng5 Bd5 9. Qe2 h6 10.
Ne4 Bxe4 11. dxe4 e6 12. g3 Bc5 13. Bg2 O-O 14. O-O f6 15. Qg4 f5 16. exf5 exf5 17. Qc4+ Kh8 18. b4 Be7 19.
Bf4 Qe8 20. Rfe1 Qf7 21. Qxf7 Rxf7 22. a3 Bf6 23. Rad1 Nb6 24. Bf3 Rff8 25. Be5 Bxe5 26. Rxe5 Nc4 27. Re7 Nxa3 28. Rdd7 Rg8 29.
Rxb7 Nxc2 30. Bxc6 Rab8 31. b5 Rxb7 32. Rxb7 Nd4 33. Rxa7 Nxc6 34. bxc6 Rc8 35. c7 Kg8 36. f4 Kf7 37.
Kf2 g5 38. Ke3 Kg6 39. Ra6+ Kh5 40. Rc6 Kg4 41. Rc4 Kh3 42. Rc2 Kg4 43. Rc6 gxf4+ 44. gxf4 h5 45. Rg6+ Kh3 46. Rg7 h4 47.
Rd7 Kxh2 48. Kf3 Kg1 49. Rd1+ Kh2 50. Rc1 h3 51. Rc6 Kg1 52. Rc2 Kh1 53. Kg3 Rg8+ 54. Kxh3 Rh8+ 55. Kg3 Rg8+ 56.
Kf3 Rc8 57. Rc6 Kg1 58. Rc2 Kh1 59. Kg3 Rg8+ 60. Kh4 Kg1 61. c8=Q Kh1 62. Rh2+ Kxh2 63. Qxg8 Kh1 64. Qa2 Kg1 65.
Kg3 Kh1 66. Qh2# 1-0

[Event "Goteborg Open 2024"]
[Site "Goteborgs Schackcentrum, Vegatan 20, Gothenburg, Sweden"]
[Date "2024.08.03"]
[Round "6.15"]
[White "Hammar, Arvid"]
[Black "Lindholm, Marcus"]
[Result "0-1"]
[TimeControl "15 minutes + 5 seconds per move from move one (Round 1 - 4) / 90 minutes + 30 seconds per move from move one (Round 5 - 8)"]
[WhiteFideId "1735977"]
[BlackFideId "1743473"]
[WhiteElo "1653"]
[BlackElo "1851"]

1. e4 c5 2. Bc4 e6 3. Nf3 d5 4. exd5 exd5 5. Bb5+ Bd7 6. Bxd7+ Nxd7 7. O-O Bd6 8. Nc3 Ne7 9. d4 c4 10.
Nb5 Bb8 11. Re1 O-O 12. Bg5 f6 13. Qe2 Re8 14. Qe6+ Kh8 15. Bh4 a6 16. Nd6 Bxd6 17. Qxd6 Rc8 18. Re3 Rc6 19. Qf4 Ng6 20.
Rxe8+ Qxe8 21. Qg3 Re6 22. h3 Re4 23. Kh2 h6 24. Re1 Rxe1 25. Nxe1 Nxh4 26. f4 Nf5 27. Qg4 Nxd4 28. f5 Qxe1 29.
Qxd4 Qe5+ 30. Qxe5 fxe5 31. g4 Kg8 32. Kg3 Kf7 33. Kf3 Nc5 34. b4 Ne4 35. a4 Nc3 36. a5 Na2 37. Ke3 Nxb4 38.
Kd2 Nc6 39. Kc3 Nxa5 40. Kb4 e4 41. Kc3 e3 42. h4 d4+ 43. Kxd4 0-1

[Event "Goteborg Open 2024"]
[Site "Goteborgs Schackcentrum, Vegatan 20, Gothenburg, Sweden"]
[Date "2024.08.03"]
[Round "6.16"]
[White "Gallardo, Guillermo"]
[Black "Israelsson, Lukas"]
[Result "1-0"]
[TimeControl "15 minutes + 5 seconds per move from move one (Round 1 - 4) / 90 minutes + 30 seconds per move from move one (Round 5 - 8)"]
[WhiteFideId "1773488"]
[BlackFideId "1784749"]
[WhiteElo "1822"]
[BlackElo "1615"]

1. Nf3 d5 2. d4 Nf6 3. Bg5 Ne4 4. Bh4 c5 5. e3 Qb6 6. Nc3 Nxc3 7. bxc3 Bg4 8. Be2 e6 9. Rb1 Qa5 10.
Rxb7 c4 11. O-O Bxf3 12. Bxf3 Bd6 13. e4 dxe4 14. Bxe4 Nd7 15. Bc6 g5 16. Rxd7 Qb6 17. Rxd6+ Ke7 18. Rd7+ Ke8 19. Qf3 1-0

[Event "Goteborg Open 2024"]
[Site "Goteborgs Schackcentrum, Vegatan 20, Gothenburg, Sweden"]
[Date "2024.08.03"]
[Round "6.17"]
[White "Eklund, Rickard"]
[Black "Lifmark, Kaspar"]
[Result "0-1"]
[TimeControl "15 minutes + 5 seconds per move from move one (Round 1 - 4) / 90 minutes + 30 seconds per move from move one (Round 5 - 8)"]
[WhiteFideId "1789040"]
[BlackFideId "1742396"]
[WhiteElo "1595"]
[BlackElo "1672"]

1. e4 d6 2. d4 Nf6 3. Bd3 g6 4. Bg5 Bg7 5. Ne2 O-O 6. O-O Nbd7 7. c4 c5 8. Nbc3 cxd4 9. Nxd4 Nc5 10.
Bc2 Ng4 11. h3 Ne5 12. b3 Nc6 13. Nxc6 bxc6 14. Qf3 f5 15. Rad1 fxe4 16. Qe3 Qc7 17. b4 Ne6 18. Bh6 Qb6 19.
Qxb6 axb6 20. Bxg7 Kxg7 21. Bxe4 Ra3 22. Rc1 Nd4 23. Kh2 Be6 24. Rfd1 c5 25. bxc5 bxc5 26. f3 Bxc4 27. Nb1 Ra4 28.
Nc3 Ra7 29. a4 Ne2 30. Nxe2 Bxe2 31. Rd2 Ba6 32. Rb2 Bc8 33. Bc6 Bd7 34. Bxd7 Rxd7 35. a5 Ra7 36. Rb5 Rfa8 37. Re1 Kf6 38.
a6 e5 39. Kg3 Rxa6 40. Rb7 R8a7 41. Rb8 Rc6 42. Rc1 c4 43. Rb4 d5 44. Kf2 Ra2+ 45. Kg3 c3 46. Rb7 h5 0-1

[Event "Goteborg Open 2024"]
[Site "Goteborgs Schackcentrum, Vegatan 20, Gothenburg, Sweden"]
[Date "2024.08.03"]
[Round "6.18"]
[White "Hitcher, Oscar"]
[Black "Helin, Mikael"]
[Result "0-1"]
[TimeControl "15 minutes + 5 seconds per move from move one (Round 1 - 4) / 90 minutes + 30 seconds per move from move one (Round 5 - 8)"]
[BlackTitle "CM"]
[WhiteFideId "1746901"]
[BlackFideId "1703838"]
[WhiteElo "1679"]
[BlackElo "1937"]

1. e4 d6 2. d4 Nf6 3. Nc3 Nbd7 4. Bg5 c6 5. Nf3 h6 6. Bh4 Qc7 7. Bd3 g5 8. Bg3 e5 9. dxe5
dxe5 10. O-O Nh5 11. Nd2 Nf4 12. Bxf4 gxf4 13. Bc4 Nf6 14. Ne2 Rg8 15. Kh1 b5 16.
Bb3 Ng4 17. Nf3 Bc5 18. Qe1 Qb6 19. Qc3 b4 20. Bxf7+ Kxf7 21. Nxe5+ Kf8 22. Qf3 Nxe5 23. Qxf4+ Nf7 24. f3 Be3 25.
Qh4 Ba6 26. Nf4 Bxf4 27. Qxf4 Bxf1 28. Rxf1 Qb5 29. Re1 Rd8 30. h3 Qe5 31. Qe3 Qg5 32. Qf2 Rd2 33. Re2 Rd1+ 34. Kh2 Qf4+ 35.
g3 Rxg3 36. Qc5+ Kg8 37. Rg2 Rg5+ 0-1

[Event "Goteborg Open 2024"]
[Site "Goteborgs Schackcentrum, Vegatan 20, Gothenburg, Sweden"]
[Date "2024.08.03"]
[Round "6.20"]
[White "Dahlin, Emil"]
[Black "Ulmer, Maya Vissing"]
[Result "0-1"]
[TimeControl "15 minutes + 5 seconds per move from move one (Round 1 - 4) / 90 minutes + 30 seconds per move from move one (Round 5 - 8)"]
[WhiteFideId "1771035"]
[BlackFideId "1479997"]
[WhiteElo "1719"]
[BlackElo "1676"]

1. e4 c6 2. d4 d5 3. exd5 cxd5 4. Nf3 Bg4 5. c4 Nf6 6. Be2 Nc6 7. c5 e6 8. Bf4 Be7 9. Nc3 O-O 10.
O-O b6 11. Qa4 Bxf3 12. Bxf3 Rc8 13. Be3 Qc7 14. b4 Qb8 15. Rab1 Nd7 16. Rfc1 Bf6 17. Ne2 Rfd8 18. Bf4 e5 19.
dxe5 Ndxe5 20. b5 Nxf3+ 21. gxf3 Ne5 22. Kg2 bxc5 23. Bxe5 Bxe5 24. f4 Bd6 25. Rd1 d4 26. Qa6 Bxf4 27.
Nxf4 Qxf4 28. Qxa7 Qg4+ 29. Kf1 Qh3+ 30. Kg1 Rd6 31. Rb3 Qg4+ 32. Rg3 Qxd1+ 33. Kg2 Qb1 34. Rf3 Rg6+ 35. Rg3 Qe4+ 36.
Kg1 Rxg3+ 37. hxg3 Qb1+ 0-1

[Event "Goteborg Open 2024"]
[Site "Goteborgs Schackcentrum, Vegatan 20, Gothenburg, Sweden"]
[Date "2024.08.03"]
[Round "6.21"]
[White "Olsson, Jonas"]
[Black "Garby, Jacob"]
[Result "1-0"]
[TimeControl "15 minutes + 5 seconds per move from move one (Round 1 - 4) / 90 minutes + 30 seconds per move from move one (Round 5 - 8)"]
[WhiteFideId "1734415"]
[BlackFideId "1786520"]
[WhiteElo "1741"]
[BlackElo "1895"]

1. e4 c6 2. f4 d5 3. e5 h6 4. Nf3 Bg4 5. Be2 e6 6. d4 c5 7. O-O Qb6 8. c3 Nc6 9. dxc5 Bxc5+ 10. Kh1 a5 11. a4 Nge7 12. Nbd2 Nf5 13. Nb3 Be3 14. h3 Ng3+ 15. Kh2 Nxf1+ 16. Qxf1 Bxf3 17. Bxf3 Bxf4+ 18. Bxf4 Qxb3 19. Qf2 O-O 20.
g4 Rfd8 21. g5 hxg5 22. Bxg5 Rd7 23. Re1 Ne7 24. Rg1 Nf5 25. h4 Ra6 26. Bg4 Qb6 27. Qc2 Ne3 28. Qe2 Nxg4+ 29. Rxg4 Qc7 30.
Bf6 g6 31. h5 Kh7 32. Qg2 Ra8 33. hxg6+ fxg6 34. Qh3+ Kg8 35. Qh8+ Kf7 36.
Qg7+ Ke8 37. Qg8# 1-0

[Event "Goteborg Open 2024"]
[Site "Goteborgs Schackcentrum, Vegatan 20, Gothenburg, Sweden"]
[Date "2024.08.04"]
[Round "7.1"]
[White "Wickstrom, Carina"]
[Black "Rasti, Arvin"]
[Result "0-1"]
[TimeControl "15 minutes + 5 seconds per move from move one (Round 1 - 4) / 90 minutes + 30 seconds per move from move one (Round 5 - 8)"]
[BlackTitle "FM"]
[WhiteFideId "1743201"]
[BlackFideId "1741160"]
[WhiteElo "2013"]
[BlackElo "2195"]

1. Nf3 Nf6 2. g3 g6 3. Bg2 Bg7 4. O-O O-O 5. d4 d6 6. Nc3 Nbd7 7. a4 a5 8. Qd3 c6 9. Rd1 Qc7 10.
e4 Re8 11. h3 e5 12. Be3 d5 13. dxe5 Nxe4 14. Nxe4 Nxe5 15. Nxe5 dxe4 16. Qxe4 Bf5 17. Qc4 Bxe5 18. Bd4 Rad8 19.
Bxe5 Qxe5 20. c3 Bc2 21. Rxd8 Rxd8 22. Qg4 h5 23. Qh4 Rd2 24. g4 Qf4 25. Re1 Bxa4 26. Be4 g5 27. Qg3 Qxg3+ 28. fxg3 hxg4 29. hxg4 Bb3 30. Bf5 Rxb2 31. Re5 a4 0-1

[Event "Goteborg Open 2024"]
[Site "Goteborgs Schackcentrum, Vegatan 20, Gothenburg, Sweden"]
[Date "2024.08.04"]
[Round "7.2"]
[White "Kallen, Jonas"]
[Black "Eriksson, Kristian"]
[Result "1-0"]
[TimeControl "15 minutes + 5 seconds per move from move one (Round 1 - 4) / 90 minutes + 30 seconds per move from move one (Round 5 - 8)"]
[WhiteFideId "1712896"]
[BlackFideId "1705172"]
[WhiteElo "2017"]
[BlackElo "2064"]

1. e4 e5 2. Nf3 Nc6 3. Bc4 Nf6 4. d3 h6 5. c3 d6 6. a4 g6 7. h3 Bg7 8. O-O O-O 9. a5 Qe7 10.
b4 Be6 11. Bxe6 Qxe6 12. b5 Nb8 13. c4 Nbd7 14. Be3 c6 15. a6 b6 16. bxc6 Nb8 17. c7 Nc6 18. Nc3 Qd7 19. Nd5 Ne8 20.
Qa4 Kh7 21. Bxb6 f5 22. Ba5 fxe4 23. dxe4 Rxf3 24. gxf3 Qxh3 25. Qxc6 Qxf3 26. c8=Q 1-0